[Event "13th Asrian Memorial 2022"]
[Site "Yerevan"]
[Date "2022.06.11"]
[Round "5.5"]
[White "Melkumyan, Hrant"]
[Black "Davtyan, Arsen"]
[Result "0-1"]
[ECO "B14"]
[WhiteElo "2655"]
[BlackElo "2308"]
[Annotator "TA"]
[PlyCount "84"]
[EventDate "2022.06.07"]
[EventType "swiss"]
[EventCountry "ARM"]
[SourceTitle "playchess.com"]
[Source "ChessBase"]
[SourceQuality "1"]
[TimeControl "40/5400+30:1800+30"]

1. d4 Nf6 2. c4 e6 3. Nc3 d5 4. Nf3 c5 5. e3 cxd4 6. exd4 Bb4 7. cxd5 Nxd5 8. Bd2 Nc6 9. Bd3 O-O $1 {[%emt 0:00:32] The main line 9...0-0 scores better than 9...Be7.} 10. O-O Nf6 11. Bg5 h6 {[%emt 0:00:39] B14: Caro-Kann: Panov-Botvinnik Attack with 5...e6 and 5...g6.} 12. Bf4 b6 {[%emt 0:05:05] [#]} 13. Qd2 $146 {[%emt 0:03:59][%cal Of4h6] Threatens to win with Bxh6!} ({Predecessor:} 13. Re1 Bb7 14. a3 Bd6 15. Be5 Rc8 16. Qe2 Nd5 17. Nxd5 Bxe5 18. dxe5 Qxd5 19. Be4 Qc5 20. h3 Rfd8 21. Rad1 Qe7 22. Rxd8+ Rxd8 23. Qe3 Qd7 {½-½ (22) Junge,W (2364)-Molzahn,N (2300) ICCF email 2017}) 13... Ne7 {[%emt 0:02:11] The position is equal.} (13... Nxd4 $2 14. Nxd4 Bb7 15. Rad1 $1 $18) 14. Ne5 Bb7 {[%emt 0:06:37][%cal Of6e4] [#]} 15. Rfe1 (15. Bxh6 $1 $14 gxh6 16. Qxh6) 15... Nf5 $11 16. a3 Be7 17. Rad1 {[%emt 0:13:29][%cal Od4d5] Hoping for d5!} Nh4 (17... Nxd4 18. Bxh6 $1 Nf5 19. Bg5 $14) (17... Qxd4 18. g4 g5 19. gxf5 $16) (17... Nd5 $11 {is more appropriate.}) 18. f3 (18. Bxh6 $1 $14 Nd5 19. Be4 $1) 18... Rc8 {[%emt 0:18:22] [#]} (18... Nd5 $11) 19. Kh1 (19. Bxh6 $1 $14 Nd7 (19... Nd5 20. Bf4) 20. Nxd7 Qxd7 21. d5 $1) 19... Nd5 20. Bxh6 gxh6 21. Qxh6 Nf5 22. Qh3 (22. Bxf5 $11 exf5 23. Ng6 fxg6 24. Qxg6+ Kh8 25. Qh6+ Kg8 26. Qg6+ Kh8 27. Qh6+ Kg8 28. Qg6+) 22... Bf6 (22... Nxc3 23. bxc3 Rxc3 24. d5 Rxd3 25. Rxd3 Bxd5 26. Qg4+ Ng7 27. Nc6 Bxc6 28. Rxd8 Rxd8 29. Qc4 $17) ({Black should play} 22... Bg5 $19 {aiming for ...Nf4.} 23. Nxd5 Bxd5) 23. Bxf5 $17 exf5 24. Qxf5 Nxc3 25. bxc3 Bg7 {[%emt 0:00:23] A strong pair of Bishops.} (25... Rxc3 $6 26. Nd7 Rc6 27. d5 $11) 26. c4 Qd6 27. d5 Rce8 (27... Qxa3 $6 28. Re4 Rc7 29. Rh4 $11) 28. f4 Bc8 ({Much weaker is} 28... Qxa3 $6 29. d6 Qa2 30. Qg4 $11) 29. Qd3 Re7 ({Don't do} 29... Bxe5 30. fxe5 Qg6 31. Qd4 $16) 30. Re3 Rfe8 (30... Bxe5 $17 31. Rxe5 Rxe5 32. Qg3+ Qg6 33. Qxg6+ fxg6 34. fxe5 Bg4) 31. Rg3 $2 {[%emt 0:00:15] [#]} (31. Rde1 $1 $15) 31... f6 $1 $19 32. Qg6 {[%emt 0:00:23] [#]} Bf5 $1 {[%emt 0:00:43][%mdl 512] Really sharp!} 33. Qxf5 fxe5 $40 {[%emt 0:00:04][%mdl 128] Black attacks with force.} 34. Rg6 exf4 {[%emt 0:00:32] ( -> ...Re1+)} 35. Rg1 (35. h4 $142 Qc5 36. Kh2) 35... Qe5 ({Inferior is} 35... Qxa3 36. d6 Rf7 37. Rxg7+ Rxg7 38. d7 $11) 36. Qg4 Qd4 {[%emt 0:00:30] ...Re1 is the strong threat.} 37. Qh4 {[%emt 0:02:11] Prevents Re1.} Kf7 38. Rc6 Kg8 $2 (38... Re4 $19 {And now ...Kg8 would win.} 39. g3 Kg8 40. gxf4 Rxf4) 39. h3 $2 (39. Rg6 $11 Qxc4 40. d6) 39... Re4 (39... f3 $142 40. Qxd4 Bxd4 41. gxf3+ Bxg1 42. Kxg1 Re2 43. Rg6+ Kf7) 40. Rg6 $2 (40. Rf1) 40... f3 41. Qg3 f2 42. Rxg7+ Kh8 {[%emt 0:02:05] Weighted Error Value: White=0.85/Black=0.33} 0-1

[Event "13th Asrian Memorial 2022"]
[Site "Yerevan"]
[Date "2022.06.11"]
[Round "5.6"]
[White "Mkrtchyan Mariam"]
[Black "Petrosian, Tigran L."]
[Result "0-1"]
[ECO "A40"]
[WhiteElo "2300"]
[BlackElo "2553"]
[Annotator "TA"]
[PlyCount "66"]
[EventDate "2022.06.07"]
[EventType "swiss"]
[EventCountry "ARM"]
[SourceTitle "playchess.com"]
[Source "ChessBase"]
[SourceQuality "1"]
[TimeControl "40/5400+30:1800+30"]

1. Nf3 g6 2. d4 Bg7 3. g3 c5 4. c3 Qa5 5. Nbd2 cxd4 6. Nb3 {[%emt 0:01:35] A40: Unusual replies to 1 d4.} Qb6 7. cxd4 Nf6 8. Bg2 {[%emt 0:00:32] The position is equal.} O-O 9. O-O d6 {[%emt 0:00:53] Prevents Nc5.} 10. d5 Nbd7 11. Nfd4 {[%emt 0:05:35] [#]} Ne5 $146 ({Predecessor:} 11... Nc5 12. Qc2 Nxb3 13. Nxb3 Bd7 14. Be3 Qa6 15. Bd4 Rfc8 16. Qd2 Rc4 17. Rfc1 Rac8 18. Rxc4 Rxc4 {½-½ (40) Korpa,B (2474)-Pap,G (2527) Budapest 2016}) 12. f4 {[%emt 0:02:44] [#]} (12. a4 $11) 12... Nc4 {[%emt 0:03:20] Black is more active.} (12... Bd7 $1 $15) 13. Qd3 Qa6 14. e4 Bd7 15. Re1 (15. a4 $5) 15... Rac8 16. h3 (16. a4 $11) 16... e5 17. dxe6 fxe6 18. e5 (18. Be3 $142) 18... dxe5 19. fxe5 Nd5 20. Bxd5 exd5 21. e6 Be8 22. Bg5 {[%emt 0:04:40] [#]} (22. Re2 $15) 22... Qd6 $1 $17 23. e7 Rf7 24. Re6 {[%emt 0:01:00] [#]} Qd7 {[%emt 0:00:23] Threatens to win with ...a5.} (24... Nxb2 $2 25. Rxd6 (25. Qe3 Qb4 $17) 25... Nxd3 26. Rd8 Rxe7 27. Rxc8 $18) 25. Rae1 a5 {[%emt 0:01:14] Strongly threatening ...a4.} 26. Nf3 (26. a4 {was necessary.}) 26... Nxb2 $19 27. Qe2 Rc3 28. Re3 Rxe3 {[%emt 0:06:45] Dancing on a razor blade.} 29. Qxe3 (29. Bxe3 {might work better.} Rxe7 30. Qf1) 29... Nc4 ({Wrong is} 29... Qxh3 $2 30. Bf4 Bh6 31. Ne5 Bxf4 32. gxf4 Qxe3+ 33. Rxe3 Rxe7 34. Nxa5 $19) 30. Qd3 h6 (30... Qxh3 31. Bf4 Bh6 32. Ng5 Bxg5 33. Bxg5 $19) 31. Bxh6 (31. Bf4 $142 g5 32. Ne5 Qxe7 33. Nf3) 31... Bxh6 {[%emt 0:00:50] Black is clearly winning.} 32. Qxg6+ Bg7 33. Ng5 {[%emt 0:00:05][%csl Gg5][%cal Rg6h7] [#]} Rf1+ $3 {[%emt 0:01:08][%mdl 512] Weighted Error Value: White=0.57/Black=0.06 (flawless)} 0-1

[Event "13th Asrian Memorial 2022"]
[Site "Yerevan"]
[Date "2022.06.11"]
[Round "5.7"]
[White "Shahinyan, David"]
[Black "Hakobyan, Erik"]
[Result "1/2-1/2"]
[ECO "C45"]
[WhiteElo "2479"]
[BlackElo "2108"]
[Annotator "TA"]
[PlyCount "246"]
[EventDate "2022.06.07"]
[EventType "swiss"]
[EventCountry "ARM"]
[SourceTitle "playchess.com"]
[Source "ChessBase"]
[SourceQuality "1"]
[TimeControl "40/5400+30:1800+30"]

1. e4 e5 2. Nf3 Nc6 3. d4 exd4 4. Nxd4 Nf6 5. Nxc6 bxc6 6. Nd2 d5 7. exd5 {[%emt 0:00:14] C45: Scotch Game.} cxd5 8. Bb5+ Bd7 9. Bxd7+ Qxd7 10. O-O Be7 11. b3 O-O 12. Bb2 Rfe8 {[%emt 0:03:12] 12...a5 is more fashionable.} 13. Qf3 Rad8 14. Rad1 Qg4 15. Rfe1 {[%emt 0:07:06] [#]} c6 $146 ({Predecessor:} 15... Qxf3 16. Nxf3 Ne4 17. c4 Bb4 18. Rf1 dxc4 19. bxc4 Nc3 20. Bxc3 Bxc3 21. Rxd8 Rxd8 {1-0 (51) Lintchevski,D (2559)-Daggupati,B (2331) Chess.com INT 2020}) 16. Re2 (16. Rxe7 $2 Rxe7 17. Qxg4 (17. Bxf6 $2 Qxf3 18. Nxf3 gxf6 $19) 17... Nxg4 $19) 16... Qxf3 17. Nxf3 Kf8 18. Kf1 c5 {[%emt 0:05:25] Against Nd4} 19. Ne5 Rc8 20. Nd3 d4 21. Ba3 Bd6 22. Rxe8+ Kxe8 23. Nb2 Nd5 (23... Bxh2 $2 24. g3 $18) 24. Nc4 Be7 (24... Bxh2 $2 25. g3 Bxg3 26. fxg3 $18) 25. Re1 {[%emt 0:00:38] [#] Threatens to win with Nd6+.} Kd7 {[%emt 0:02:01] Prevents Nd6.} 26. Ne5+ Ke8 27. Nd3 {[%emt 0:04:41] And now Re5 would win.} Kd7 28. Re5 Kd6 29. Rh5 h6 30. Re5 f6 31. Re4 {[%emt 0:02:13] aiming for Rxd4.} Kd7 32. Bb2 Bd6 33. Ke1 Nc7 (33... Bxh2 34. g3 $16) 34. c3 dxc3 35. Bxc3 Nd5 36. Kd2 Nb6 ({Don't play} 36... Bxh2 37. g3 $16) 37. Rg4 Bf8 38. Nb2 Ke6 39. Re4+ Kf7 40. Nc4 Be7 41. g4 g6 42. Ne3 Bd6 43. h3 Rd8 44. Kc2 Bc7 45. f4 Nd5 (45... h5 $1 $11) 46. Nxd5 $16 Rxd5 {[%emt 0:00:12][%mdl 4096] Endgame KRB-KRB} 47. Ra4 Bb8 48. Ra6 f5 49. Rf6+ Ke7 50. Rxg6 fxg4 51. hxg4 Bxf4 52. Rg7+ Ke6 53. Rxa7 Rd8 {[%emt 0:00:30] [#]} (53... h5 $16 {might work better.}) 54. a4 $1 $18 Kd5 55. Rf7 {[%emt 0:00:36] Prevents Rf8.} Bg5 56. Rf5+ (56. a5 $18) 56... Kc6 $16 57. Bf6 (57. Be1 $16) 57... Rd2+ $14 58. Kc3 Be3 59. Rf3 Rd6 $1 60. Be5 (60. Rxe3 $16 Rxf6 61. Re8) 60... Bd4+ $1 $11 61. Bxd4 Rxd4 {[%emt 0:00:12] KR-KR} 62. Rf6+ Kb7 63. Rg6 (63. Rxh6 $6 Rxg4 64. Rd6 Rh4 $16) 63... Rf4 64. Kb2 ({But not} 64. Rxh6 $6 Rxg4 65. Rh3 Kb6 66. Rh6+ Kb7 $16) 64... Re4 65. Kc2 ({Much less strong is} 65. Rxh6 $6 Rxg4 66. Rf6 Rg3 $16) 65... Rd4 66. Kc3 Rf4 $1 67. Rxh6 ({White should try} 67. Kd3 $14) 67... Rxg4 {[%emt 0:00:07] The position is equal.} 68. Re6 Rf4 69. Kd3 Rb4 70. Kc3 Rf4 71. Re2 Kc6 72. Rc2 Rg4 73. Kb2 Rf4 74. Rc3 Rg4 75. Kc2 Rg2+ 76. Kd3 Rg3+ 77. Kd2 Rg2+ 78. Kd1 Rg4 79. Ke2 Rh4 80. Kd3 Rh3+ 81. Kc2 Rh2+ 82. Kb1 Rh4 83. Kb2 Rg4 84. Rh3 Rf4 85. Rh6+ Kb7 86. Rh7+ Kb6 87. Re7 Rg4 88. Kc3 Rh4 89. Re8 Kb7 90. Rg8 Rf4 91. Rg3 Rh4 92. Re3 Rf4 93. Kd2 Rh4 94. Kd3 Rd4+ 95. Kc2 Rh4 96. Rg3 Rf4 97. Kd2 Rd4+ 98. Kc3 Rh4 99. Rg1 Rf4 100. Kd3 Rb4 101. Kc3 Rf4 102. Rc1 Rh4 103. Kd3 Rb4 104. Rc3 Kb6 105. Kc2 Rh4 106. Kd2 Rg4 107. Kd3 Rb4 108. Kc2 Rh4 109. Rg3 Rf4 110. Re3 Rh4 111. Kd3 Rd4+ 112. Kc3 Rh4 113. Re6+ Kb7 114. Rf6 Rg4 115. Kb2 Rh4 116. Ka3 c4 117. b4 Rh3+ 118. Ka2 Rb3 119. b5 Rb4 120. Ra6 c3 121. Rc6 {[%emt 0:00:37] Ka3 is the strong threat.} Rxa4+ 122. Kb3 Rh4 123. Kxc3 Rg4 {[%emt 0:00:11] Weighted Error Value: White=0.08 (flawless) /Black=0.07 (flawless)} 1/2-1/2

[Event "13th Asrian Memorial 2022"]
[Site "Yerevan"]
[Date "2022.06.12"]
[Round "6.1"]
[White "Sargsyan, Shant"]
[Black "Ter-Sahakyan, Samvel"]
[Result "1/2-1/2"]
[ECO "E05"]
[WhiteElo "2641"]
[BlackElo "2640"]
[Annotator "TA"]
[PlyCount "31"]
[EventDate "2022.06.07"]
[EventType "swiss"]
[EventCountry "ARM"]
[SourceTitle "playchess.com"]
[Source "ChessBase"]
[SourceQuality "1"]
[TimeControl "40/5400+30:1800+30"]

1. d4 Nf6 2. c4 e6 3. Nf3 d5 4. g3 Be7 5. Bg2 O-O 6. O-O dxc4 7. Qc2 a6 8. a4 Bd7 9. Qxc4 Bc6 10. Bg5 Nbd7 11. Nc3 a5 {[%emt 0:02:46] E05: Open Catalan: 5 Nf3 Be7.} 12. Rfe1 h6 {[%emt 0:07:44] [#] Strongly threatening ...Nb6.} 13. Bxf6 Bxf6 {[%emt 0:01:29] [#]} 14. Qd3 $146 {[%emt 0:15:44] The position is equal.} ({Predecessor:} 14. e4 Nb6 15. Qd3 Be7 16. Ne5 Be8 17. Ng4 Bb4 18. e5 Nxa4 19. Ne4 Nc5 20. Nxc5 Bxc5 {½-½ (39) Valeinis,J (2484)-Pauwels,C (2555) ICCF email 2011}) 14... Nb6 15. Red1 Qe7 16. e3 {[%emt 0:06:57] Not much happened in this game.  Weighted Error Value: White=0.06 (flawless) /Black=0.09 (flawless)} 1/2-1/2

[Event "13th Asrian Memorial 2022"]
[Site "Yerevan"]
[Date "2022.06.12"]
[Round "6.2"]
[White "Petrosyan, Manuel"]
[Black "Hayrapetyan, Hovik"]
[Result "1-0"]
[ECO "D38"]
[WhiteElo "2638"]
[BlackElo "2484"]
[Annotator "TA"]
[PlyCount "80"]
[EventDate "2022.06.07"]
[EventType "swiss"]
[EventCountry "ARM"]
[SourceTitle "playchess.com"]
[Source "ChessBase"]
[SourceQuality "1"]
[TimeControl "40/5400+30:1800+30"]

1. d4 Nf6 2. c4 e6 3. Nc3 Bb4 4. Nf3 d5 5. cxd5 exd5 6. Bg5 h6 7. Bh4 O-O {[%emt 0:02:23] 7...Bf5 is the modern continuation. D38: Queen's Gambit Declined: Ragozin Defence (4 Nf3 Bb4).} 8. e3 Bf5 9. Qb3 Bxc3+ {[%emt 0:04:35] The position is equal.} 10. bxc3 Nbd7 11. Be2 c5 $1 12. dxc5 Nxc5 13. Qb4 Rc8 14. O-O g5 {[%emt 0:02:13] And now ...a5 would win.} 15. Bg3 $1 Nfe4 16. Be5 {[%emt 0:03:43] [#]} Qe7 $146 ({Predecessor:} 16... Re8 17. Bd4 a5 18. Qa3 Ne6 19. Rac1 Nxd4 20. Nxd4 Bg6 21. Qb2 Re7 22. Bf3 Nc5 {½-½ (39) Sargissian,G (2681)-Gukesh,D (2614) Warsaw 2021}) 17. Bd4 Rfe8 18. Rac1 Ne6 19. Qa5 Nxd4 20. Nxd4 Be6 21. Qxa7 Nxc3 22. Bd3 Ra8 23. Qb6 Rec8 24. Rc2 Nxa2 25. Rxc8+ Rxc8 26. Bf5 Re8 $2 (26... Bxf5 $2 27. Nxf5 Qe5 28. Nxh6+ Kg7 29. Qxb7 $18) (26... Nc3 $1 $11 {and Black stays safe.}) 27. Bxe6 $18 fxe6 28. Qb1 {[%emt 0:00:07] aiming for Qg6+.} Nc3 29. Qg6+ Kh8 30. Rc1 (30. f4 $142 {Black must now prevent fxg5.} Ne4 31. fxg5 (31. Qxh6+ Qh7 $16)) 30... Ne4 31. f3 ({Don't play} 31. Qxh6+ $6 Qh7 32. Qxh7+ Kxh7 $14) (31. h4 $18) 31... Nd6 $1 $14 32. Qxh6+ Kg8 33. Rb1 $36 {[%emt 0:06:05][%mdl 2048] Hoping for Rb6. White is in control. White is more active.} e5 {[%emt 0:00:58] [#]} (33... Qg7 $16 34. Qh5 Re7) 34. Qg6+ $1 $18 Kf8 $2 {[%emt 0:00:40] [#]} (34... Kh8 {was called for.}) 35. Nf5 $1 Nxf5 36. Qxf5+ Qf7 37. Qxg5 Re7 38. Rb6 {[%emt 0:02:20] Strongly threatening Rf6.} Re6 {[%emt 0:00:22] Inhibits Rf6.} 39. Qd8+ Kg7 40. Rb5 e4 {[%emt 0:00:48] Weighted Error Value: White=0.14 (very precise) /Black=0.32} 1-0

[Event "13th Asrian Memorial 2022"]
[Site "Yerevan"]
[Date "2022.06.12"]
[Round "6.3"]
[White "Babujian Levon"]
[Black "Tabatabaei, M. Amin"]
[Result "1-0"]
[ECO "D31"]
[WhiteElo "2430"]
[BlackElo "2650"]
[Annotator "TA"]
[PlyCount "69"]
[EventDate "2022.06.07"]
[EventType "swiss"]
[EventCountry "ARM"]
[SourceTitle "playchess.com"]
[Source "ChessBase"]
[SourceQuality "1"]
[TimeControl "40/5400+30:1800+30"]

1. d4 {[%emt 0:30:22] Morgado,Juan Sebastian} d5 2. c4 e6 3. Nc3 c6 4. e4 dxe4 5. Nxe4 Bb4+ 6. Bd2 Qxd4 7. Bxb4 Qxe4+ 8. Be2 Na6 9. Bd6 b6 {[%emt 0:08:49] D31: Queen's Gambit Declined: Semi-Slav without ...Nf6 (+ Marshall Gambit and Noteboom) and Exchange Variation lines without ...Nf6.} (9... Qxg2 $11 10. Bf3 Qg6) 10. Nf3 $14 {[%emt 0:15:49][%mdl 1024] Strongly threatening Ne5. White has compensation.} Bb7 $1 11. O-O {[%emt 0:00:38] And now Ne5 would win.} Rd8 {[%emt 0:38:40] White is slightly better.} 12. Ne5 (12. Qd2 $14) 12... Ne7 $11 13. Re1 $40 {[%emt 0:05:13][%mdl 128] White mounts an attack.} Qh4 {[%emt 0:01:57] [#]} 14. Bh5 $146 {[%emt 0:19:42] A strong pair of Bishops.} ({Predecessor:} 14. g3 Qf6 15. Ng4 Qf5 16. Qd4 O-O 17. Bd3 Qh5 18. Qf4 c5 19. Be4 Rxd6 20. Qxd6 Bxe4 21. Rxe4 {1-0 (59) Morgado,J (2540)-Jezek,J (2510) Argentina 1995 Telechess CBM 125 [Morgado,Juan Sebastian]}) 14... g6 {[%emt 0:07:37] [#]} (14... O-O $11 {remains equal.}) 15. Bg4 $2 (15. Qf3 $1 $16 Rf8 (15... O-O 16. g3) 16. Rad1 (16. Bxe7 Qxe7 17. Bg4 f5 $11) 16... gxh5 17. Ba3 Rxd1 18. Rxd1) 15... O-O (15... f5 $1 $15 16. Qd4 Rf8) 16. g3 $16 Qf6 17. Qf3 $1 {[%emt 0:01:04] 0x0.002ac501ed14dp-1022s more active pieces. The black rooks are badly placed.} Qxf3 18. Bxe7 Rde8 {[%emt 0:01:35][%cal Of3g4] Threatens to win with ...Qxg4!} 19. Bg5 {[%emt 0:01:33] Dancing on a razor blade.} (19. Nxf3 Rxe7 20. Rad1 c5 $17) 19... Qxg4 20. Nxg4 Ra8 21. Be7 $2 (21. Rad1 $16) 21... Rfc8 $11 22. Rad1 {[%emt 0:00:10] Black must now prevent Rd7.} c5 $1 23. Bf6 {[%emt 0:02:32] aiming for Rd7.} Bc6 {[%emt 0:00:12] Prevents Rd7.} 24. Rd6 h5 $2 (24... Be8 $11 {and Black stays safe.}) 25. Ne5 $18 Be8 (25... Nb4 $16 {might work better.}) 26. g4 $1 Nb4 27. gxh5 {[%emt 0:01:00] Hoping for Re3.} Nc6 28. h6 {[%emt 0:03:14][%cal Oh6h7] Intending h7+! and mate.} Kh7 29. Nf3 {[%emt 0:01:45] White threatens Ng5+ and mate.} Nd4 30. Ng5+ ({Weaker is} 30. Nxd4 cxd4 31. Rxd4 b5 $11) 30... Kxh6 {[%emt 0:00:04] [#]} 31. Re4 $1 ({Not} 31. Re3 Kh5 $16) 31... Kh5 {[%emt 0:00:01] [#] Inhibits Rh4+.} (31... Nf5 {is more resistant.} 32. Rd3 Ng7) 32. Nxe6 $1 {[%emt 0:04:52][%csl Gf6][%cal Re4h4][%mdl 512] White is clearly winning.} Nf3+ 33. Kg2 Bc6 {[%emt 0:00:05] Inhibits Rd5+.} 34. Nf4+ Kh6 35. Nd5 {[%emt 0:00:13] Weighted Error Value: White=0.16 (very precise) /Black=0.47} 1-0

[Event "13th Asrian Memorial 2022"]
[Site "Yerevan"]
[Date "2022.06.12"]
[Round "6.4"]
[White "Andriasian, Zaven"]
[Black "Yeritsyan, Hayk"]
[Result "1-0"]
[ECO "C54"]
[WhiteElo "2584"]
[BlackElo "2291"]
[Annotator "TA"]
[PlyCount "65"]
[EventDate "2022.06.07"]
[EventType "swiss"]
[EventCountry "ARM"]
[SourceTitle "playchess.com"]
[Source "ChessBase"]
[SourceQuality "1"]
[TimeControl "40/5400+30:1800+30"]

1. e4 e5 2. Nf3 Nc6 3. Bc4 Bc5 4. d3 Nf6 5. Nbd2 d6 6. c3 h6 {[%emt 0:01:39] 6...a5 is setting a new trend. C54: Giuoco Piano: 4 c3 Nf6, main lines with 5 d4 and 5 d3.} 7. Nf1 Be6 8. Bxe6 fxe6 {[%emt 0:00:02] White is slightly better.} 9. Ng3 (9. b4 $5 Bb6 10. a4 $11) 9... O-O {[%emt 0:04:17] [#]} 10. O-O $146 ({Predecessor:} 10. d4 exd4 11. cxd4 Bb6 12. Be3 Ng4 13. Qb3 d5 14. e5 Nxe3 15. Qxe3 Qe7 16. O-O {0-1 (54) Van,A (754)-Qiao,J (1116) Windsor 2015}) 10... Bb6 11. b4 Qe8 12. a4 {[%emt 0:01:46] a5 is the strong threat.} a5 13. b5 Nb8 14. Nd2 Nbd7 15. Nc4 Bc5 16. d4 exd4 17. cxd4 Bb4 18. Bd2 d5 19. exd5 Nxd5 20. Re1 Qg6 21. Re4 Qf6 {[%emt 0:07:17] And now ...N7b6 would win.} 22. Qe1 Bxd2 23. Nxd2 Nf4 24. Ra3 {[%emt 0:01:33] Black must now prevent Rf3.} Nb6 25. Rf3 Nbd5 {[%emt 0:00:11] [#]} (25... Qg5 $1 $11 {keeps the balance.}) 26. Nh5 $1 $16 Qg5 27. Nxf4 Nxf4 28. g3 $36 {[%emt 0:02:14][%mdl 2048] White is in control.} Nd5 29. Rxe6 {[%emt 0:09:53] Strongly threatening Re5.} Rxf3 (29... Qg4 $16) 30. Nxf3 $18 {[%emt 0:00:15][%cal Bd2f3,Bf3h4,Bh4f5,Bf5e7][%mdl 32] Threatening mate with Re8+.} Qg4 {[%emt 0:02:50] [#]} (30... Qh5 $142) 31. Nh4 $1 Qxd4 32. Nf5 Qc3 $2 (32... Qg4) 33. Ne7+ {[%emt 0:00:59] Weighted Error Value: White=0.05 (flawless) /Black=0.34} 1-0

[Event "13th Asrian Memorial 2022"]
[Site "Yerevan"]
[Date "2022.06.12"]
[Round "6.5"]
[White "Petrosian, Tigran L."]
[Black "Davtyan, Arsen"]
[Result "1/2-1/2"]
[ECO "C65"]
[WhiteElo "2553"]
[BlackElo "2308"]
[Annotator "TA"]
[PlyCount "83"]
[EventDate "2022.06.07"]
[EventType "swiss"]
[EventCountry "ARM"]
[SourceTitle "playchess.com"]
[Source "ChessBase"]
[SourceQuality "1"]
[TimeControl "40/5400+30:1800+30"]

1. e4 e5 2. Nf3 Nc6 3. Bb5 Nf6 4. d3 Bc5 5. Bxc6 dxc6 6. Nbd2 {[%emt 0:00:55] C65: Ruy Lopez: Berlin Defence (3...Nf6), unusual lines and 4 0-0 Bc5.} Nd7 7. Nc4 f6 8. O-O O-O 9. Nh4 Re8 10. Nf5 {[%emt 0:25:40] [#]} Nf8 $146 ({Predecessor:} 10... Nb6 11. Nce3 Be6 12. Ng3 Nc8 13. Nef5 g6 14. Bh6 Bd7 15. Be3 gxf5 16. Bxc5 f4 {½-½ (40) Marez,S (2398)-Panitevsky,I (2307) ICCF email 2014}) 11. Qg4 {[%emt 0:02:17][%csl Gf5][%cal Rg4g7] [#]} Bxf5 12. exf5 Qd4 13. Qe4 Qxe4 (13... Nd7 {seems wilder.} 14. a4 a5 15. Bd2 Bb4) 14. dxe4 Red8 15. Be3 Bxe3 16. Nxe3 Nd7 17. f3 Nc5 18. b3 a5 19. Rfd1 Kf7 20. Kf2 Ke7 21. Ke2 b5 22. g4 h6 23. h4 Rxd1 24. Rxd1 $14 {[%emt 0:00:14][%mdl 4096] Endgame KRN-KRN} Nb7 25. f4 exf4 26. Ng2 {[%emt 0:00:44] White is more active.} Nc5 ({Better is} 26... a4 $14) 27. Nxf4 $16 a4 28. Ng6+ Ke8 $1 29. Ke3 axb3 30. axb3 Ra2 31. Rc1 Nd7 {[%emt 0:00:13] Inhibits e5.} 32. Kf4 c5 33. e5 fxe5+ 34. Nxe5 Nxe5 35. Kxe5 {[%emt 0:00:06] KR-KR} c4 36. bxc4 bxc4 {[%emt 0:01:41] The position is equal.} 37. Kd4 Kf7 38. g5 c3 39. Kxc3 Ra3+ 40. Kd4 hxg5 41. hxg5 Rg3 42. Rb1 {[%emt 0:04:46] Weighted Error Value: White=0.06 (flawless) /Black=0.04 (flawless)} 1/2-1/2

[Event "13th Asrian Memorial 2022"]
[Site "Yerevan"]
[Date "2022.06.12"]
[Round "6.6"]
[White "Mahdavi, Reza"]
[Black "Davtyan, Artur"]
[Result "1/2-1/2"]
[ECO "B51"]
[WhiteElo "2303"]
[BlackElo "2488"]
[Annotator "TA"]
[PlyCount "94"]
[EventDate "2022.06.07"]
[EventType "swiss"]
[EventCountry "ARM"]
[SourceTitle "playchess.com"]
[Source "ChessBase"]
[SourceQuality "1"]
[TimeControl "40/5400+30:1800+30"]

1. e4 c5 2. Nf3 d6 3. Bb5+ Nd7 4. c3 Ngf6 5. Qe2 a6 6. Ba4 b5 7. Bc2 Bb7 {[%emt 0:00:14] B51: Sicilian: Moscow Variation (3 Bb5+) without 3...Bd7.} 8. d4 e6 9. O-O Be7 10. Re1 Qc7 {[%emt 0:00:14] is the new trend.} 11. Bd3 O-O 12. Nbd2 Rfc8 13. Nf1 b4 {[%emt 0:00:04] [#]} 14. Bd2 $146 ({Predecessor:} 14. cxb4 cxd4 15. Nxd4 Ne5 16. Ng3 Qb6 17. Nc2 d5 18. Be3 Qc6 19. Nd4 Qd7 20. a3 dxe4 {0-1 (40) Rasik,V (2451)-Keymer,V (2591) Tornelo INT 2021}) 14... a5 15. Rac1 bxc3 (15... d5 $5 16. Ng3 dxe4 17. Nxe4 Bxe4 18. Bxe4 Nxe4 19. Qxe4 Qd8 $11) 16. bxc3 a4 17. Ng3 Rab8 18. Rb1 Bf8 19. Rec1 Bc6 20. Qd1 h6 21. h3 d5 22. Qe2 c4 23. Bc2 dxe4 24. Nxe4 Nxe4 (24... Bxe4 $17 25. Bxe4 a3 26. Rxb8 Rxb8) 25. Bxe4 $15 Bxe4 26. Qxe4 Nf6 27. Qc2 a3 28. Ne5 Bd6 29. Rxb8 ({White should play} 29. f4 $15) 29... Rxb8 $17 30. Qa4 Bxe5 31. dxe5 Qxe5 {[%emt 0:00:03] [#] Strongly threatening ...Qe2.} 32. Qxa3 Qe2 33. Be3 Nd5 34. Bd4 Qe4 35. Qa7 Rb2 {[%emt 0:05:23] [#] ( -> ...Nf4)} 36. Qa8+ Kh7 37. a4 ({Not} 37. Qf8 $2 e5 38. Bxe5 Qxe5 $19) 37... e5 38. Bc5 Qd3 39. Qc8 Rb1 ({Of course not} 39... Nxc3 $6 40. Rxc3 Qxc3 41. Qf5+ Kh8 42. Qc8+ Kh7 43. Qf5+ Kh8 44. Qc8+ Kh7 $11) (39... Nf4 $17 40. Kh2 Qe4) 40. Rxb1 $11 {[%emt 0:00:24] The position is equal.} Qxb1+ {[%emt 0:00:00][%mdl 4096] Endgame KQB-KQN} 41. Kh2 {[%emt 0:00:01] And now a5 would win.} Nxc3 42. a5 Ne2 43. f3 Nf4 {[%emt 0:21:23] Hoping for ...Qc2.} 44. Be3 Nd5 45. Bc5 {[%emt 0:00:58] a6 is the strong threat.} Qc2 (45... Nf4 $5 46. Be3 Qc2 47. Bxf4 exf4 $11) 46. Qb7 Qd2 {[%emt 0:08:17] aiming for ...Nf4.} ({Much less strong is} 46... Nf4 47. Qe4+ Qxe4 48. fxe4 $16) 47. Qxf7 {[%emt 0:00:07] Threatens to win with a6.} Nf4 {[%emt 0:00:01] Weighted Error Value: White=0.07 (flawless) /Black=0.07 (flawless)} 1/2-1/2